 Dungeon Crawl Stone Soup version 0.27.1 (webtiles) character file.

Game seed: 1076234356210288315

9 nxtlvl the Skirmisher (level 2, -1/32 HPs)
             Began as an Ogre Delver on Aug 30, 2021.
             Slain by a bullfrog (4 damage)
             ... on level 5 of the Dungeon.
             The game lasted 00:00:57 (55 turns).

nxtlvl the Skirmisher (Ogre Delver)                   Turns: 55, Time: 00:00:58

Health: -1/32      AC:  3    Str: 15    XL:     2   Next: 12%
Magic:  2/2        EV:  9    Int: 11    God:
Gold:   4          SH:  0    Dex: 10    Spells: 1/1 levels left

rFire    . . .     SeeInvis .   a - +0 mace
rCold    . . .     Faith    .   (no shield)
rNeg     . . .     Spirit   .   b - +0 robe
rPois    .         Reflect  .   (helmet restricted)
rElec    .         Harm     .   (no cloak)
rCorr    .         Rampage  .   (gloves unavailable)
Will     .....                  (boots unavailable)
Stlth    ++........             (no amulet)
HPRegen  0.10/turn              (no ring)
MPRegen  0.08/turn              (no ring)

@: hasted, very quick
A: large, unfitting armour, tough skin 1
a: no special abilities


You were on level 5 of the Dungeon.
You visited 1 branch of the dungeon, and saw 2 of its levels.

You collected 4 gold pieces.

Inventory:

Hand Weapons
 a - a +0 mace (weapon)
Armour
 b - a +0 robe (worn)
Wands
 g - a wand of digging (3)
Scrolls
 c - a scroll of fog
 e - a scroll of fear


   Skills:
 - Level 4.0 Fighting
 * Level 2.5 Maces & Flails
 - Level 1.7 Dodging
 - Level 3.7 Stealth


You had one spell level left.
You didn't know any spells.
Your spell library was empty.

Dungeon Overview and Level Annotations

Branches:
Dungeon (6/15)
 Temple: D:4-7

Altars:

Shops:
D:5 [

Annotations:
D:6 Duvessa


Innate Abilities, Weirdness & Mutations

You are too large for most types of armour.
You have tough skin. (AC +1)


Message History

The bullfrog croaks.
Found a runed long sword.
You feel yourself speed up.
A black bear comes into view.
You closely miss the bullfrog. The bullfrog hits you.
You completely miss the bullfrog. The bullfrog completely misses you.
You barely miss the bullfrog. The bullfrog hits you.
The bullfrog closely misses you.
You closely miss the bullfrog. The bullfrog hits you.
You hit the bullfrog.
The bullfrog is moderately wounded.
The bullfrog closely misses you.
You barely miss the bullfrog.
The bullfrog is moderately wounded.
The bullfrog hits you.
You hit the bullfrog.
The bullfrog is moderately wounded.
The bullfrog closely misses you. The bullfrog hits you.
You hit the bullfrog.
The bullfrog is heavily wounded.
The bullfrog hits you but does no damage.
You miss the bullfrog.
The bullfrog is heavily wounded.
The bullfrog hits you.
* * * LOW HITPOINT WARNING * * *
You hit the bullfrog.
The bullfrog is severely wounded.
The bullfrog hits you.
* * * LOW HITPOINT WARNING * * *
The bullfrog closely misses you.
You closely miss the bullfrog.
The bullfrog is severely wounded.
The bullfrog hits you but does no damage.
You barely miss the bullfrog.
The bullfrog is severely wounded.
The bullfrog closely misses you.
You hit the bullfrog.
The bullfrog is almost dead.
The bullfrog hits you.
You die...

,,,,**,*,,,,,,,,,,,,,,,,,,,,,,,,,
,,,,,,,...........,...h...,,,,,,,
,,,,,,...#........,.......,,,,,,*
,,,,,.............,......,,,,,,,,
,,,,,...8........,,.....*,,*****+
,,,,,...........,,,...##**,***,,,
,,,,,.....<...8#,*,....##.,**,,,,
,,,,,Y.........####.......,*,,,,,
,,,,,.......∩...@#......#*,*,,,,*
,,**,............F.......#,+,,,**
,,,,,.....8...>.......#...,*,,***
,,,,,...............###,,),*,***,
**,,,...........8#.##*#..,,****,,
***,,...........##..##...,,***,,,
,***,#.........###..#...#*,**,,,,
,**,,#.........###......*,,*,,,,,
,**>,...........####..#**,,#,,,,*


You could see a bullfrog.

Vanquished Creatures
  An adder (D:5)
1 creature vanquished.

Notes
Turn   | Place    | Note
-------+----------+-------------------------------------------
     0 | D:5      | nxtlvl the Ogre Delver began the quest for the Orb.
     0 | D:5      | Reached XP level 1. HP: 24/24 MP: 1/1
     4 | D:6      | Noticed Duvessa
    13 | D:5      | Reached XP level 2. HP: 25/32 MP: 2/2
    28 | D:5      | Found Utwurec's Armour Emporium.
    32 | D:5      | Noticed a sky beast
    38 | D:5      | Noticed a bullfrog
    40 | D:5      | Noticed a black bear
    55 | D:5      | Slain by a bullfrog

Illustrated notes

Levels and vault maps discovered:
D:5:      layout_cave_pools, nicolae_uskayaw_murder_on_the_dancefloor,
          nicolae_overflow_crystal_walls, lemuel_doored_altar,
          nicolae_stop_n_shop_1, nrook_mini_vaults, minmay_quadrilaterals,
          uniq_eustachio
D:6:      layout_basic, minmay_temple_entry_wispy, uniq_duvessa

Skill      XL: |  1 |
---------------+----+-----
Maces & Flails | 2 |  2.5
Fighting       | |  4.0
Dodging        | |  1.7
Stealth        | |  3.7

Action                   || total
-------------------------++-------
Melee: Mace              ||    16
  Use: Scroll            ||     1
       Potion            ||     1
Armor: Robe              ||     2
Dodge: Dodged            ||     9
